 Dungeon Crawl Stone Soup version 0.28.0-47-ge53b351184 (webtiles) character file.

Game seed: 1762743908732601561

2438 101zpm the Thaumaturge (level 9, -11/55 HPs)
             Began as a Djinni Fire Elementalist on Apr 30, 2022.
             Mangled by an orc knight
             ... wielding a +0 war axe
              (25 damage)
             ... in a bailey.
             The game lasted 00:27:16 (13704 turns).

101zpm the Thaumaturge (Djinni Fire Elementalist)  Turns: 13704, Time: 00:27:18

Health: -11/55     AC:  2    Str:  7    XL:     9   Next: 77%
Gold:   369        EV: 12    Int: 21    God:
                   SH:  0    Dex: 14

rFire   + + .      SeeInvis .   (no weapon)
rCold   . . .      Faith    .   (no shield)
rNeg    . . .      Spirit   .   a - +0 robe
rPois   ∞          Reflect  .   (no helmet)
rElec   .          Harm     .   (no cloak)
rCorr   .          Rampage  .   (no gloves)
Will    .....                   (boots unavailable)
Stlth   ++........              (no amulet)
HPRegen 0.18/turn               m - ring of protection from cold
MPRegen 0.00/turn               (no ring)

@: flying
A: sickness immunity, fire resistance 2, cold vulnerability 1, float, innate
caster, HP casting, extra vitality 1
a: no special abilities


You were in a bailey.
You visited 1 branch of the dungeon, and saw 9 of its levels.
You also visited: Bailey.

You collected 369 gold pieces.

Inventory:

Armour
 a - a +0 robe (worn)
Jewellery
 m - a ring of protection from cold (left hand)
Wands
 u - a wand of iceblast (10)
 v - a wand of paralysis (6)
 x - a wand of charming (6)
Scrolls
 d - 11 scrolls of identify {unknown}
 f - 3 scrolls of fog {unknown}
 i - a scroll of brand weapon {unknown}
 j - a scroll of holy word {unknown}
 k - a scroll of immolation {unknown}
 l - a scroll of amnesia {unknown}
 o - 2 scrolls of noise {unknown}
 p - a scroll of fear {unknown}
 r - 2 scrolls of magic mapping {unknown}
 t - a scroll of vulnerability {unknown}
 w - a scroll of enchant armour {unknown}
 y - a scroll of enchant weapon {unknown}
Potions
 b - a potion of haste {unknown}
 c - a potion of flight {unknown}
 e - 3 potions of berserk rage {unknown}
 g - 5 potions of curing {unknown}
 h - a potion of lignification {unknown}
 n - 7 potions of heal wounds {unknown}
 q - a potion of mutation {unknown}
 s - a potion of degeneration {unknown}
 z - a potion of magic {unknown}


   Skills:
 + Level 0.2 Fighting
 + Level 2.8 Dodging
 + Level 3.5 Stealth
 + Level 0.1 Unarmed Combat
 + Level 9.5 Spellcasting


You had 5 spell levels left.
You knew the following spells:

 Your Spells              Type           Power      Damage    Failure   Level
a - Foxfire               Conj/Fire      100%       2x1d9     1%          1
b - Scorch                Fire           100%       2d10      1%          2
c - Conjure Flame         Conj/Fire      50%        6-21      1%          3
d - Inner Flame           Hex/Fire       50%        N/A       1%          3
e - Flame Wave            Conj/Fire      50%        2d10      1%          4
f - Shock                 Conj/Air       100%       1d9       1%          1
g - Static Discharge      Conj/Air       50%        N/A       1%          2
h - Swiftness             Air            50%        N/A       1%          3
i - Call Canine Familiar  Summ           50%        N/A       1%          3
Your spell library was empty.

Dungeon Overview and Level Annotations

Branches:
Dungeon (9/15)             Temple (0/1) D:5          Bailey (1/1)
   Lair: D:8-11         Orc: D:9-12

Altars:
Elyvilon

Annotations:
D:6 1 runed translucent door, Crazy Yiuf


Innate Abilities, Weirdness & Mutations

You are immune to sickness and miasma.
You are immune to poison.
Your flesh is very heat resistant. (rF++)
You are vulnerable to cold. (rC-)
You float through the air rather than walking.
You learn spells naturally, not from books.
Your magical power is your life essence.
You have superior vitality. (+4 MHP)


Message History

You conjure some foxfire!
The orc knight hits you with a +0 war axe!
The orc knight hits your foxfire with a +0 war axe! x2
The orc knight hits your warg with a +0 war axe!
Your warg closely misses the orc knight.
The foxfire hits the orc knight!
Flame seeps out of the orc knight.
The orc knight is moderately wounded.
The foxfire hits the orc knight but does no damage.
The orc knight is moderately wounded.
Your warg closely misses the orc knight.
The orc knight is engulfed in blazing flames.
Flame seeps out of the orc knight.
The orc knight hits your warg with a +0 war axe!!
Your warg bites the orc knight but does no damage.
The orc knight is engulfed in blazing flames.
Flame seeps out of the orc knight.
The orc knight hits your warg with a +0 war axe!!
Your warg dies!
Your warg's corpse disappears in a puff of smoke!
You are too injured to fight recklessly!
Casting: Foxfire (safe; 1% risk of failure)
Confirm with . or Enter, or press ? or * to list all spells.
Flames lash the orc knight but do no damage.
The orc knight is engulfed in blazing flames.
Flame seeps out of the orc knight.
Casting: Scorch (safe; 1% risk of failure)
Confirm with . or Enter, or press ? or * to list all spells.
Flames lash the orc knight.
Flame seeps out of the orc knight.
The orc knight is almost dead.
The orc knight's fire resistance burns away.
* * * LOW HITPOINT WARNING * * *
The orc knight is engulfed in blazing flames.
Flame seeps out of the orc knight.
You are too injured to fight recklessly!
Casting: Foxfire (safe; 1% risk of failure)
Press: ? - help, Q - select action, (/) - cycle Dir - look around, f - activate You conjure some foxfire!
* * * LOW HITPOINT WARNING * * *
The orc knight hits you with a +0 war axe!!
You die...

...o#.....'...∩.∩♣
...o#.....'......♣
.8.8##....#.....♣♣
...?≈#(..(##....♣
..=≈#(....##...♣
≈≈≈##..(...##≈≈♣
.#########........#≈≈♣
.'....().(..8v.8..#≈≈♣
.#≈≈≈§§#)..)o@....#
#≈≈≈≈≈#...○v....##
#≈≈≈≈≈##...8...##
#...... ##.....##
....... ##...##
♣♣..... ##### ♣♣♣∩♣♣


You could see an orc knight (inner flame, combustible, ally target).

Vanquished Creatures
  Menkaure (D:7)
  2 orc warriors
  2 sky beasts
  A necrophage (D:7)
  An ogre (D:6)
  4 centaurs
  2 phantoms (D:5)
  2 kobold brigands
  3 scorpions
  A bullfrog zombie (D:6)
  2 gnoll shamans (D:7)
  3 hounds
  2 jellies
  A bullfrog skeleton (D:5)
  6 iguanas
  3 orc wizards (D:6)
  A hound skeleton (D:5)
  A howler monkey zombie (D:5)
  21 gnolls
  7 adders
  A shadow imp (D:7)
  2 white imps
  4 worms
  4 dart slugs
  10 orcs
  5 ball pythons
  5 bats
  13 endoplasms
  8 giant cockroaches
  11 goblins
  10 hobgoblins
  23 kobolds
  2 quokkas
  2 frilled lizards
  9 rats
175 creatures vanquished.

Vanquished Creatures (collateral kills)
  2 kobolds (Bailey)
2 creatures vanquished.

Vanquished Creatures (others)
  1240 foxfires
1240 creatures vanquished.

Grand Total: 1417 creatures vanquished

Notes
Turn   | Place    | Note
-------+----------+-------------------------------------------
     0 | D:1      | 101zpm the Djinni Fire Elementalist began the quest for the
                  | Orb.
     0 | D:1      | Reached XP level 1. HP: 15/15 MP: 0/0
   317 | D:2      | Reached XP level 2. HP: 19/21 MP: 0/0
   769 | D:3      | Reached skill level 3 in Spellcasting
   769 | D:3      | Reached XP level 3. HP: 20/25 MP: 0/0
   769 | D:3      | Learned a level 1 spell: Shock
  1618 | D:3      | Reached XP level 4. HP: 21/31 MP: 0/0
  3155 | D:2      | Reached XP level 5. HP: 32/35 MP: 0/0
  3155 | D:2      | Learned a level 2 spell: Static Discharge
  3319 | D:2      | Reached skill level 4 in Spellcasting
  4363 | D:1      | Found a faded altar of an unknown god.
  6104 | D:4      | Reached XP level 6. HP: 35/40 MP: 0/0
  7050 | D:5      | Entered Level 5 of the Dungeon
  7133 | D:5      | Reached skill level 5 in Spellcasting
  7466 | D:5      | Reached XP level 7. HP: 30/45 MP: 0/0
  7466 | D:5      | Learned a level 3 spell: Swiftness
  8207 | D:5      | Found a staircase to the Ecumenical Temple.
  8509 | D:5      | Reached skill level 6 in Spellcasting
  8765 | D:6      | Reached XP level 8. HP: 13/50 MP: 0/0
  9407 | D:6      | Reached skill level 7 in Spellcasting
  9905 | D:6      | Found a runed translucent door.
  9906 | D:6      | Noticed Crazy Yiuf
 10403 | D:6      | Reached skill level 8 in Spellcasting
 10403 | D:6      | Reached XP level 9. HP: 22/55 MP: 0/0
 10403 | D:6      | Learned a level 3 spell: Call Canine Familiar
 11258 | D:7      | Found a white marble altar of Elyvilon.
 11764 | D:7      | Noticed Menkaure
 11767 | D:7      | Killed Menkaure
 11900 | D:7      | Reached skill level 9 in Spellcasting
 13216 | D:8      | Found a flagged portal.
 13221 | Bailey   | Entered a bailey
 13440 | Bailey   | Noticed an orc warlord
 13692 | Bailey   | Noticed an orc knight
 13704 | Bailey   | Mangled by an orc knight

Illustrated notes

Levels and vault maps discovered:
D:1:      scummos_arrival_forest, layout_rooms,
          shapermc_ecumenical_altar_starsandcircs
D:2:      layout_basic, hangedman_decor_growths
D:3:      layout_loops_ring, minmay_fractal_squares_diagonal_5
D:4:      layout_basic
D:5:      layout_loops_ring, temple_hall
D:6:      layout_loops_ring, uniq_crazy_yiuf_cottage
D:7:      layout_layer_cave, pf_just_have_faith, uniq_menkaure
D:8:      layout_loops_ring, lemuel_round_altar, enter_bailey_3, serial_shops,
          nicolae_lakefront_shop, biasface_ghost_orc_armoury
D:9:      layout_roguey, mainiacjoe_overflow_chevrons
Bailey:   bailey_axe_bossmonster_kennysheep, bailey

Skill      XL: |  1  2  3  4  5  6  7  8  9 |
---------------+----------------------------+-----
Spellcasting   | 3 4 5 6 8 9 |  9.5
Stealth        | 2 3 |  3.5
Fighting       | |  0.2
Dodging        | |  2.8
Unarmed Combat | |  0.1

Action                   |  1- 3 |  4- 6 |  7- 9 || total
-------------------------+-------+-------+-------++-------
Melee: Unarmed           |       |     3 |       ||     3
 Cast: Foxfire           |    94 |   346 |   297 ||   737
       Inner Flame       |       |    11 |    56 ||    67
       Scorch            |       |     2 |     8 ||    10
       Conjure Flame     |       |       |     2 ||     2
       Shock             |       |       |     1 ||     1
       Call Canine Famil |       |       |     6 ||     6
Armor: Robe              |     3 |     2 |     2 ||     7
Dodge: Dodged            |     1 |     9 |    13 ||    23
